 Dungeon Crawl Stone Soup version 0.14-a0-586-g2535b90 (webtiles) character file.

80 Malachi the Grave Robber (level 3, 0/27 HPs)
             Began as a Djinni Necromancer on Nov 3, 2013.
             Slain by an adder (2 damage)
             ... on Level 2 of the Dungeon.
             The game lasted 00:03:20 (2247 turns).

Malachi the Grave Robber (Djinni Necromancer)       Turns: 2247, Time: 00:03:20

HP   0/27        AC  2     Str  8      XL: 3   Next: 17%
MP   0/0         EV 12     Int 16      God:
Gold 45          SH  0     Dex 13      Spells:  2 memorised,  2 levels left

Res.Fire  : + + +   See Invis. : .   e - +1,+0 whip
Res.Cold  : x . .   Warding    : .   a - +0 robe
Life Prot.: + + +   Conserve   : .   (no shield)
Res.Poison: .       Res.Corr.  : .   (no helmet)
Res.Elec. : .       Clarity    : .   (no cloak)
Sust.Abil.: + .     Spirit.Shd : .   (no gloves)
Res.Mut.  : .       Stasis     : .   (boots unavailable)
Res.Rott. : .       Flight     : +   (no amulet)
Saprovore : . . .                    (no ring)
                                     c - ring of sustain abilities

@: flying, very slightly contaminated, not resistant to hostile enchantments,
fairly stealthy
A: fire immunity, cold vulnerability, life protection 3
a: no special abilities


You were on level 2 of the Dungeon.
You were not hungry.

You visited 1 branch of the dungeon, and saw 2 of its levels.

You collected 45 gold pieces.

Inventory:

Hand weapons
 e - a +1,+0 whip (weapon)
 i - a +1,+3 short sword
Armour
 a - a +0 robe (worn)
Magical devices
 m - a wand of digging (7)
Scrolls
 h - a scroll of teleportation
Jewellery
 c - a ring of sustain abilities (left hand)
Potions
 k - a potion of slowing {unknown}
 n - a potion of heal wounds {unknown}
 o - a potion of curing {unknown}
Books
 b - a book of Necromancy

   Spells                             Type                      Level
   *Pain                              Necromancy                   1
   Animate Skeleton                   Necromancy                   1
   Lethal Infusion                    Charms/Necromancy            2
   Vampiric Draining                  Necromancy                   3
   *Regeneration                      Charms/Necromancy            3
   Animate Dead                       Necromancy                   4
   Control Undead                     Necromancy                   4


   Skills:
 - Level 1.9 Dodging
 - Level 1.6 Stealth
 * Level 2.1 Spellcasting
 * Level 3.8 Necromancy


You had 2 spell levels left.
You knew the following spells:

 Your Spells              Type           Power        Failure   Level  Hunger
a - Pain                  Necr           ##..         6%          1    #......
b - Regeneration          Chrm/Necr      #.........   34%         3    ####...


Dungeon Overview and Level Annotations

Branches:
Dungeon (2/27)

Altars:


Innate Abilities, Weirdness & Mutations

You are immune to all types of fire, even holy and hellish.
You are vulnerable to cold.
You need no food.
You have no legs.
You are immune to negative energy.


Message History

Aiming: Pain
Press: ? - help, Shift-Dir - straight line, f/p - adder
Aim: an adder (moderately wounded)
The adder convulses in agony!
You are very lightly contaminated with residual magic.
The adder barely misses you.
Your magical contamination has completely faded away.
Casting: Pain
Confirm with . or Enter, or press ? or * to list all spells.
Okay, then.
Unknown command.
Sorry, you're not good enough to have a special ability.
Casting: Pain
Confirm with . or Enter, or press ? or * to list all spells.
You miscast Regeneration.
You are very lightly contaminated with residual magic.
The world around you seems to dim momentarily.
The adder closely misses you. The adder bites you.
You die...

.(....... #......... .
#....#... ... #......#
.... .##?.....#.....
........%........ #.#
##S## #.@.# #..)#
#####...####.#..
######...............
#####)..##...##.#####.###
#.....................#
####....##...##.####..#
##...............#
#...##########...#


You could see an adder.

Vanquished Creatures
  An adder (D:2)
  5 bats (D:1)
  2 hobgoblins (D:2)
  8 kobolds
  A ball python (D:2)
  A giant cockroach (D:1)
  3 giant newts
  4 goblins
  7 rats
32 creatures vanquished.

Notes
Turn   | Place    | Note
--------------------------------------------------------------
     0 | D:1      | Malachi, the Djinni Necromancer, began the quest for the Orb.
     0 | D:1      | Reached XP level 1. HP: 14/14 MP: 0/0
   669 | D:1      | Reached XP level 2. EP: 4/21
  1708 | D:2      | Reached XP level 3. EP: 10/27
  1895 | D:2      | Learned a level 3 spell: Regeneration
  2247 | D:2      | Slain by an adder

Action                   || total
-------------------------++-------
Melee: Whip              ||     1
 Cast: Pain              ||    55
       Regeneration      ||     2
Evoke: Wand              ||     1
  Use: Scroll            ||     8
